 Dungeon Crawl Stone Soup version 0.29.1-12-g30fa7ad0bf (webtiles) character file.

Game seed: 3828383751376821481

59 mopl the Sneak (level 4, -7/30 HPs)
             Began as a Formicid Enchanter on Jan 15, 2023.
             Mangled by an orc
             ... wielding a +0 flail
              (10 damage)
             ... on level 2 of the Dungeon.
             The game lasted 00:02:20 (1888 turns).

mopl the Sneak (Formicid Enchanter)                 Turns: 1888, Time: 00:02:20

Health: -7/30      AC:  2    Str: 13    XL:     4   Next: 22%
Magic:  4/8        EV: 12    Int: 16    God:
Gold:   101        SH:  0    Dex: 14    Spells: 3/8 levels left

rFire   . . .      SeeInvis +   a - +2 dagger (speed)
rCold   . . .      Faith    .   (no shield)
rNeg    . . .      Spirit   .   b - +0 robe
rPois   .          Reflect  .   (helmet unavailable)
rElec   .          Harm     .   (no cloak)
rCorr   .          Rampage  .   (no gloves)
Will    .....                   (no boots)
Stlth   +++.......              (no amulet)
HPRegen 0.10/turn               e - ring of flight
MPRegen 0.11/turn               (no ring)

@: flying
A: permanent stasis, dig shafts and tunnels, antennae 3, four strong arms
a: Dig, Shaft Self


You were on level 2 of the Dungeon.
You visited 1 branch of the dungeon, and saw 3 of its levels.

You collected 101 gold pieces.

Inventory:

Hand Weapons
 a - a +2 dagger of speed (weapon)
Missiles
 f - 3 poisoned darts
Armour
 b - a +0 robe (worn)
Jewellery
 e - a ring of flight (left hand)
 m - a +6 ring of strength
Scrolls
 d - a scroll of noise {unknown}
 g - 3 scrolls of identify {unknown}
 j - a scroll of blinking {unknown}
 k - a scroll of enchant weapon {unknown}
 l - a scroll of teleportation {unknown}
 n - a scroll of enchant armour {unknown}
Potions
 c - 2 potions of invisibility
 h - a potion of heal wounds {unknown}
 i - a potion of berserk rage {unknown}


   Skills:
 - Level 1.0 Short Blades
 - Level 1.7 Dodging
 + Level 4.4 Stealth
 + Level 2.8 Spellcasting
 + Level 4.3 Hexes
 + Level 1.2 Ice Magic


You had 3 spell levels left.
You knew the following spells:

 Your Spells              Type           Power      Damage    Failure   Level
a - Confusing Touch       Hex            16%        N/A       10%         3
b - Ensorcelled Hibernat  Hex/Ice        22%        N/A       9%          2

Your spell library contained the following spells:

 Spells                   Type           Power      Damage    Failure   Level
 Tukima's Dance           Hex            16%        N/A       10%         3
 Dazzling Flash           Conj/Hex       18%        N/A       24%         3


Dungeon Overview and Level Annotations

Branches:
Dungeon (3/15)

Altars:

Annotations:
D:1 app rF


Innate Abilities, Weirdness & Mutations

You cannot be hasted, slowed, berserked, paralysed or teleported.
You can dig through walls and to a lower floor.
You have a pair of large antennae on your head. (SInv)
Your four strong arms can wield two-handed weapons with a shield.


Message History

HP restored.
There is a stone staircase leading down, spattered with blood here.
You fly downwards.
The endoplasm misses you. The orc barely misses you.
There is a stone staircase leading up here.
Unknown command.
The endoplasm freezes you.
You are frozen.
The orc hits you with a +0 flail!
You fly upwards.
There is a stone staircase leading down, spattered with blood here.
You hit the orc.
The orc is lightly wounded.
The orc hits you with a +0 flail!
The endoplasm hits you but does no damage.
You are too injured to fight recklessly!
You are too injured to fight recklessly!
You hit the orc.
The orc is heavily wounded.
You are too injured to fight recklessly!
Casting: Ensorcelled Hibernation (safe; 9% risk of failure)
Confirm with . or Enter, or press ? or * to list all spells.
Aiming: Ensorcelled Hibernation (safe; 9% risk of failure)
Press: ? - help, Shift-Dir - straight line, f - endoplasm
Aim: an endoplasm (chance to affect: 62%)
The endoplasm resists with significant effort.
The orc hits you with a +0 flail.
* * * LOW HITPOINT WARNING * * *
The endoplasm freezes you.
You are frozen.
* * * LOW HITPOINT WARNING * * *
Casting: Ensorcelled Hibernation (safe; 9% risk of failure)
Confirm with . or Enter, or press ? or * to list all spells.
You don't know that spell.
Unknown command.
Casting: Ensorcelled Hibernation (safe; 9% risk of failure)
Confirm with . or Enter, or press ? or * to list all spells.
Aiming: Ensorcelled Hibernation (safe; 9% risk of failure)
Press: ? - help, Shift-Dir - straight line, f/p - endoplasm
Aim: an endoplasm (chance to affect: 62%)
The endoplasm looks drowsy...
The orc hits you with a +0 flail!
You die...

#.# ####.#### #.#
#.####.......#### #.#
...(..........).####.######
#.####.##.##.##...........#######
##.# #.##.##.#######.###........#
#.## #.##.##.## #.# #..#####.#
..# #.##.#...## #.# #..#...#.#
#.####.##......#####.# ##.#._.#.#
#......##......J@o)..# #.#...#.#
##########..[..####### #.#.<.#.#
.........##....# ######.#...#.#
########.####.## #......#####.#
#.# #.# #.####.......# #.# #.#
#.# #.#.....# #.# #># #.#
#.##...## #.# #.# #.# #.###.##
##.####.######.####.....#


You could see an orc and an endoplasm (asleep).

Vanquished Creatures
  3 worms (D:2)
  A dart slug (D:1)
  An orc (D:2)
  3 bats
  8 endoplasms
  3 giant cockroaches (D:1)
  3 goblins
  2 hobgoblins
  3 jackals (D:1)
  6 kobolds
  5 ball pythons
  2 frilled lizards
  2 rats (D:1)
42 creatures vanquished.

Notes
Turn   | Place    | Note
-------+----------+-------------------------------------------
     0 | D:1      | mopl the Formicid Enchanter began the quest for the Orb.
     0 | D:1      | Reached XP level 1. HP: 13/13 MP: 3/3
    62 | D:1      | Reached XP level 2. HP: 19/19 MP: 5/5
    65 | D:1      | Learned a level 2 spell: Ensorcelled Hibernation
   254 | D:1      | Reached skill level 4 in Stealth
   270 | D:1      | Reached skill level 4 in Hexes
   340 | D:1      | Reached XP level 3. HP: 11/24 MP: 6/6
   941 | D:2      | Learned a level 3 spell: Confusing Touch
   991 | D:2      | Reached skill level 1 in Ice Magic
  1081 | D:2      | Reached XP level 4. HP: 29/30 MP: 8/8
  1145 | D:2      | Found a faded altar of an unknown god.
  1888 | D:2      | Mangled by an orc

Illustrated notes

Levels and vault maps discovered:
D:1:      saegor_arrival_simple_b, layout_loops_ring, lemuel_flame_loot_1
D:2:      layout_loops_ring, nicolae_ecumenical_oubliette
D:3:      cheibrodos_old_hovel, layout_rooms, nicolae_wu_jian_wuxing_cycle,
          chequers_temple_overflow_minitemple, serial_shops, shop,
          uniq_crazy_yiuf_cottage

Skill      XL: |  1  2  3 |
---------------+----------+-----
Stealth        | 4 |  4.4
Hexes          | 4 |  4.3
Ice Magic      | 1 |  1.2
Short Blades   | |  1.0
Dodging        | |  1.7
Spellcasting   | |  2.8

Action                   |  1- 3 |  4- 6 || total
-------------------------+-------+-------++-------
Melee: Dagger            |    92 |    28 ||   120
       Punch             |     1 |       ||     1
 Cast: Ensorcelled Hiber |       |     4 ||     4
 Stab: Sleeping          |    13 |     1 ||    14
       Distracted        |     1 |       ||     1
Armor: Robe              |    12 |     2 ||    14
Dodge: Dodged            |    43 |    11 ||    54
